[Event "Friday Night Double Round Robin 3m+1s Starts at 2200hrs ST NO LATE JOINS POSS"]
[Site "Infinity Chess"]
[Date "2018.1.20"]
[Round "14"]
[White "OlivierEvan"]
[Black "xeonrocks"]
[Result "1/2-1/2"]
[ECO "C65"]
[WhiteElo "2405"]
[BlackElo "2537"]
[WhiteEngine "Houdini 6"]
[BlackEngine "asmFishW_CTG"]
[EventType "Round Robin"]
[WhiteTeam ""]
[BlackTeam ""]
[PlyCount "114"]
[TimeControl "180+1"]

1. e4 e5 2. Nf3 Nc6 3. Bb5 Nf6 4. d3 Bc5 5. Ba4 O-O 6. O-O d6 7. c3 Ne7 
8. d4 Bb6 9. Re1 exd4 10. Nxd4 Ng6 11. h3 c5 12. Nf3 Be6 13. Nbd2 Qc7 14. c4 Ba5 
15. Re3 a6 16. Bc2 b5 17. b3 Nd7 18. a4 bxc4 19. Nxc4 Bxc4 20. bxc4 Nde5 
21. Rb1 Rab8 22. Nxe5 Nxe5 23. Rxb8 Rxb8 24. Rg3 Qe7 25. Qd5 Qe6 26. Rb3 Bb4 
27. Bf4 Re8 28. Bd3 Qxd5 29. exd5 h6 30. Bg3 Nxd3 31. Rxd3 Re4 32. Bxd6 Rxc4 
33. Rd1 Ba5 34. Rb1 Rxa4 35. Bxc5 Rc4 36. Rb8+ Kh7 37. Be3 Rb4 38. Ra8 Rb5 
39. d6 Rd5 40. Rxa6 Bb4 41. g3 Rxd6 42. Ra7 Kg6 43. Ra4 Bd2 44. Bd4 h5 
45. Kg2 Bg5 46. Be5 Rd3 47. Rd4 Rxd4 48. Bxd4 Bf6 49. Bxf6 Kxf6 50. Kf3 Kf5 
51. Ke3 g5 52. Kd4 Ke6 53. f3 h4 54. gxh4 gxh4 55. Ke4 Kd6 56. Kf5 Kd5 
57. Kf6 Kd4 1/2-1/2

[Event "Friday Night Double Round Robin 3m+1s Starts at 2200hrs ST NO LATE JOINS POSS"]
[Site "Infinity Chess"]
[Date "2018.1.20"]
[Round "13"]
[White "PAKtech"]
[Black "xeonrocks"]
[Result "1/2-1/2"]
[ECO "C55"]
[WhiteElo "2446"]
[BlackElo "2541"]
[WhiteEngine "Raubfisch ME262_GTZ16b3._CTG"]
[BlackEngine "asmFishW_CTG"]
[EventType "Round Robin"]
[WhiteTeam ""]
[BlackTeam ""]
[PlyCount "100"]
[TimeControl "180+1"]

1. e4 e5 2. Nf3 Nc6 3. Bc4 Nf6 4. d3 Bc5 5. c3 a5 6. O-O d6 7. Bg5 O-O 8. a4 h6 
9. Bh4 g5 10. Bg3 Kg7 11. Na3 Ne7 12. Nc2 Bb6 13. Ne3 Ng6 14. Bb3 Bxe3 
15. fxe3 Nh5 16. Nd2 Nxg3 17. hxg3 g4 18. Bc4 h5 19. Qb3 Qe7 20. Rf2 Qg5 
21. Re1 f6 22. Be6 Bxe6 23. Qxe6 Rae8 24. Qd7+ Re7 25. Qf5 Ref7 26. Nc4 b6 
27. b4 axb4 28. cxb4 Ne7 29. Qxg5+ fxg5 30. Rc2 Ra8 31. a5 bxa5 32. bxa5 Nc6 
33. Nxd6 cxd6 34. Rxc6 Rxa5 35. Rxd6 Ra2 36. Rb1 h4 37. gxh4 gxh4 38. Rbb6 g3 
39. Rg6+ Kh7 40. Rh6+ Kg8 41. Rb1 Rff2 42. Rxh4 Rxg2+ 43. Kh1 Rh2+ 
44. Rxh2 Rxh2+ 45. Kg1 Re2 46. d4 exd4 47. exd4 Rxe4 48. Kg2 Re3 49. Rf1 Rd3 
50. Rf3 Rxd4 1/2-1/2

[Event "Friday Night Double Round Robin 3m+1s Starts at 2200hrs ST NO LATE JOINS POSS"]
[Site "Infinity Chess"]
[Date "2018.1.20"]
[Round "13"]
[White "tris77"]
[Black "Gilgamesch"]
[Result "1/2-1/2"]
[ECO "C65"]
[WhiteElo "2428"]
[BlackElo "2546"]
[WhiteEngine "Raubfisch X37b_CTG"]
[BlackEngine "BrainFish_171005_x64_bmi2"]
[EventType "Round Robin"]
[WhiteTeam ""]
[BlackTeam ""]
[PlyCount "93"]
[TimeControl "180+1"]

1. e4 e5 2. Nf3 Nc6 3. Bb5 Nf6 4. O-O Nxe4 5. d4 Nd6 6. Bxc6 dxc6 7. dxe5 Nf5 
8. Qxd8+ Kxd8 9. Nc3 Bd7 10. Rd1 Kc8 11. Ng5 Be8 12. Rd3 Be7 13. Nge4 b6 
14. b3 a5 15. Bb2 Bd7 16. a4 Be6 17. Ne2 g5 18. Nd6+ Bxd6 19. exd6 Rd8 
20. Bf6 Rxd6 21. Rxd6 cxd6 22. h3 Kd7 23. g4 Ne7 24. Bxg5 Rg8 25. Bxe7 Kxe7 
26. Nf4 d5 27. f3 Rc8 28. h4 d4 29. Kf2 c5 30. Rd1 Kd6 31. Nxe6 fxe6 32. f4 Kd5 
33. Re1 c4 34. Re5+ Kd6 35. g5 cxb3 36. cxb3 Rc2+ 37. Kf3 Rc3+ 38. Ke4 Rxb3 
39. Kxd4 Rb4+ 40. Ke3 Rxa4 41. Rb5 Ra3+ 42. Kd4 Ra4+ 43. Ke3 Kc6 44. Re5 Ra3+ 
45. Kd4 Ra4+ 46. Ke3 Kd6 47. Rb5 1/2-1/2

[Event "Friday Night Double Round Robin 3m+1s Starts at 2200hrs ST NO LATE JOINS POSS"]
[Site "Infinity Chess"]
[Date "2018.1.20"]
[Round "13"]
[White "Dovahkiin"]
[Black "Victorious"]
[Result "1/2-1/2 "]
[ECO ""]
[WhiteElo "2444"]
[BlackElo "2532"]
[WhiteEngine "BrainFish_180113_x64_modern_CTG"]
[BlackEngine "BugChess2.41_Release"]
[EventType "Round Robin"]
[WhiteTeam ""]
[BlackTeam ""]
[PlyCount "325"]
[TimeControl "180+1"]

1. e3 Nf6 2. d3 c5 3. d4 g6 4. Nf3 Bg7 5. Be2 d5 6. O-O O-O 7. dxc5 Ne4 
8. Nc3 Bxc3 9. bxc3 Nxc3 10. Qe1 Nxe2+ 11. Qxe2 Qc7 12. c4 Qxc5 13. cxd5 Qxd5 
14. e4 Qh5 15. Rb1 b6 16. Qe3 Qc5 17. Qxc5 bxc5 18. Ba3 Na6 19. Rb5 Rd8 
20. h3 Be6 21. Ra5 Rd6 22. Bc1 Bc4 23. Re1 Nb4 24. Bf4 Re6 25. Rc1 Rxe4 
26. Be3 Nxa2 27. Ra1 Bd5 28. Bxc5 Nc3 29. Rxa7 Rxa7 30. Rxa7 Kf8 31. Kh2 f6 
32. Nd4 Bf7 33. f3 Re5 34. Bb4 Nd5 35. Bd2 Be8 36. Rb7 h5 37. h4 Ba4 38. Kg3 Ne3 
39. Bb4 Nc2 40. Nxc2 Bxc2 41. Kf4 Ba4 42. Ra7 Bc6 43. Rc7 Bb5 44. Kg3 Ke8 
45. Rc8+ Kf7 46. Rc7 Ke8 47. Rc8+ Kd7 48. Rg8 Bd3 49. Ra8 Re2 50. Ra3 Bf5 
51. Kf4 Kd8 52. Ra8+ Bc8 53. Ra7 Bf5 54. Kg3 Bd7 55. Ra8+ Bc8 56. Ba5+ Kd7 
57. Ra7+ Ke8 58. Bb4 Bf5 59. Bc5 Bd7 60. Ra8+ Kf7 61. Rh8 Bb5 62. Rh7+ Ke8 
63. Rh8+ Kd7 64. Rh7 Bc4 65. Bb4 Bd5 66. Rg7 Ke8 67. Rxg6 Rb2 68. Ba3 Ra2 
69. Bb4 Rb2 70. Ba3 Rb3 71. Bc5 Kf7 72. Rh6 Kg7 73. Rxh5 e5 74. Be7 Rb7 
75. Bxf6+ Kxf6 76. Rh6+ Ke7 77. Rh5 Kf6 78. Rh6+ Kg7 79. Rh5 Re7 80. f4 exf4+ 
81. Kxf4 Re4+ 82. Kf5 Rb4 83. Rg5+ Kf7 84. Ke5 Bb3 85. Rf5+ Ke7 86. Rf4 Rb5+ 
87. Kd4 Be6 88. Ke3 Rb3+ 89. Kf2 Rb2+ 90. Kg3 Kd6 91. Rf2 Rb1 92. Rd2+ Ke5 
93. Re2+ Kf6 94. Rf2+ Bf5 95. Kh2 Ke5 96. Re2+ Kf4 97. Rf2+ Ke5 98. Re2+ Kf4 
99. Rf2+ Kg4 100. g3 Be6 101. Rf4+ Kh5 102. Rf2 Rd1 103. Rf4 Rd2+ 104. Kg1 Bd5 
105. Rb4 Kg6 106. Kf1 Kf5 107. Rf4+ Ke5 108. h5 Be6 109. Rb4 Kf5 110. h6 Rd7 
111. Rb6 Bd5 112. Rb4 Kg5 113. Rh4 Rh7 114. Kf2 Bc6 115. Rc4 Bd7 116. Rh4 Bc8 
117. Kf3 Bd7 118. Kg2 Bf5 119. Kf2 Bg4 120. Kg2 Bd7 121. Kf3 Be6 122. Kf2 Bf5 
123. Kg2 Be6 124. Kf2 Bg4 125. Kg2 Bh5 126. Rc4 Bg4 127. Rc1 Rxh6 128. Rc4 Ra6 
129. Rc5+ Bf5 130. Rd5 Ra4 131. Kf3 Ra6 132. Rc5 Ra3+ 133. Kf2 Kf6 134. Rc6+ Kf7 
135. Rh6 Bg6 136. Rh4 Kf6 137. Rf4+ Kg5 138. Rf8 Ra2+ 139. Ke3 Ra6 140. Kf3 Ra3+ 
141. Kf2 Ra6 142. Kf3 Rc6 143. Rf4 Rc3+ 144. Kf2 Rc2+ 145. Kg1 Rc6 146. Rd4 Rc5 
147. Rd2 Kg4 148. Kf2 Rc4 149. Rb2 Be4 150. Re2 Rb4 151. Ra2 Bf5 152. Re2 Bd3 
153. Rd2 Bb1 154. Re2 Be4 155. Ra2 Bb1 156. Rd2 Bf5 157. Ra2 Bb1 158. Rd2 Ra4 
159. Rb2 Bd3 160. Ke3 Ra3 161. Kf2 Ra4 162. Rb3 Bg6 163. Re3 1/2-1/2

[Event "Friday Night Double Round Robin 3m+1s Starts at 2200hrs ST NO LATE JOINS POSS"]
[Site "Infinity Chess"]
[Date "2018.1.20"]
[Round "13"]
[White "KULLANI"]
[Black "MGR"]
[Result "1/2-1/2"]
[ECO "C11"]
[WhiteElo "2478"]
[BlackElo "2533"]
[WhiteEngine "BrainFish_180113_x64_CTG"]
[BlackEngine "asmFishW_2017-11-19_bmi2"]
[EventType "Round Robin"]
[WhiteTeam ""]
[BlackTeam ""]
[PlyCount "193"]
[TimeControl "180+1"]

1. e4 e6 2. d4 d5 3. Nc3 Nf6 4. e5 Nfd7 5. f4 c5 6. Nf3 Nc6 7. Be3 cxd4 
8. Nxd4 Qb6 9. Qd2 Qxb2 10. Rb1 Qa3 11. Bb5 Nxd4 12. Bxd4 a6 13. Bxd7+ Bxd7 
14. Rb3 Qe7 15. Rxb7 Rc8 16. O-O Qd8 17. Qf2 Rxc3 18. Bxc3 Qc8 19. Rb3 Ba4 
20. Bd4 Bxb3 21. axb3 Be7 22. c3 O-O 23. b4 Qc6 24. h3 Bd8 25. Kh1 h6 26. f5 f6 
27. fxe6 Qxe6 28. exf6 Bxf6 29. Re1 Qc6 30. Qd2 Qc4 31. Bxf6 Rxf6 32. Qe3 d4 
33. Qxd4 Qxd4 34. cxd4 Rb6 35. Ra1 Rxb4 36. d5 Rb6 37. Kh2 Kf7 38. Kg3 Rb5 
39. Rxa6 Rxd5 40. Kf4 Rd4+ 41. Kf5 Rd5+ 42. Kg4 h5+ 43. Kh4 g6 44. Ra7+ Kf6 
45. Ra6+ Kf7 46. Rc6 Rb5 47. Rc7+ Kf6 48. Rc6+ Kg7 49. g3 Rb4+ 50. Kg5 Rb5+ 
51. Kh4 Kh6 52. g4 Rb4 53. Ra6 Rb5 54. Rc6 hxg4 55. hxg4 Rd5 56. Rb6 Kh7 
57. g5 Rd4+ 58. Kg3 Rd3+ 59. Kf4 Kg7 60. Rb1 Rd7 61. Ke3 Kh7 62. Ra1 Rd5 
63. Ra7+ Kg8 64. Ra8+ Kf7 65. Ra7+ Ke6 66. Kf4 Rd1 67. Kg4 Rd7 68. Ra6+ Rd6 
69. Ra8 Rd4+ 70. Kf3 Rd1 71. Kf4 Kf7 72. Kf3 Rd7 73. Ra1 Rb7 74. Ke4 Kg7 
75. Kf4 Kf7 76. Ra4 Kg7 77. Ra1 Rb2 78. Ra7+ Kf8 79. Ra1 Kf7 80. Ke5 Rb5+ 
81. Kf4 Rb4+ 82. Ke3 Rb2 83. Ra7+ Ke6 84. Kf4 Rb4+ 85. Kf3 Rb3+ 86. Kg4 Rb4+ 
87. Kf3 Rb1 88. Ra6+ Kf5 89. Ra5+ Ke6 90. Ra7 Rb3+ 91. Kg4 Rb6 92. Ra1 Rb4+ 
93. Kf3 Rb3+ 94. Kg4 Rb4+ 95. Kf3 Rb3+ 96. Kf4 Rb4+ 97. Kf3 1/2-1/2

[Event "Friday Night Double Round Robin 3m+1s Starts at 2200hrs ST NO LATE JOINS POSS"]
[Site "Infinity Chess"]
[Date "2018.1.20"]
[Round "13"]
[White "star99"]
[Black "BraveDevil"]
[Result "1/2-1/2"]
[ECO "A50"]
[WhiteElo "2462"]
[BlackElo "2458"]
[WhiteEngine "Cryptic AIL V1"]
[BlackEngine "Cryptic AIL V1"]
[EventType "Round Robin"]
[WhiteTeam ""]
[BlackTeam ""]
[PlyCount "83"]
[TimeControl "180+1"]

1. d4 Nf6 2. c4 c6 3. Nc3 d5 4. Nf3 e6 5. Bg5 h6 6. Bh4 dxc4 7. e4 g5 8. Bg3 b5 
9. Be2 Bb7 10. O-O Nbd7 11. Ne5 Bg7 12. Nxd7 Nxd7 13. Bd6 a6 14. e5 c5 
15. d5 Nxe5 16. dxe6 Nd3 17. exf7+ Kxf7 18. Bxd3 cxd3 19. Qxd3 Qd7 20. Rad1 Rad8 
21. Qg3 Qf5 22. f4 g4 23. Be5 Rhe8 24. Bxg7 Rxd1 25. Nxd1 Re2 26. Ne3 Qe4 
27. Re1 Rxe1+ 28. Qxe1 Kxg7 29. Qc3+ Kg8 30. Qxc5 Qxf4 31. Qb6 h5 32. h3 Bc8 
33. hxg4 hxg4 34. Qd8+ Kf7 35. Nd5 Qd4+ 36. Kh1 Qe5 37. Qxc8 Qe1+ 38. Kh2 Qe5+ 
39. Kg1 Qe1+ 40. Kh2 Qe5+ 41. Kg1 Qe1+ 42. Kh2 1/2-1/2

[Event "Friday Night Double Round Robin 3m+1s Starts at 2200hrs ST NO LATE JOINS POSS"]
[Site "Infinity Chess"]
[Date "2018.1.20"]
[Round "13"]
[White "Deep SKY"]
[Black "RonWeasley"]
[Result "1/2-1/2"]
[ECO "C11"]
[WhiteElo "2507"]
[BlackElo "2499"]
[WhiteEngine "BrainFish_180106_x64_CTG"]
[BlackEngine "BrainFish 130117_CTG"]
[EventType "Round Robin"]
[WhiteTeam ""]
[BlackTeam ""]
[PlyCount "148"]
[TimeControl "180+1"]

1. e4 e6 2. d4 d5 3. Nc3 Nf6 4. e5 Nfd7 5. f4 c5 6. Nf3 Nc6 7. Be3 cxd4 
8. Nxd4 Qb6 9. Qd2 Qxb2 10. Rb1 Qa3 11. Bb5 Nxd4 12. Bxd4 a6 13. Bxd7+ Bxd7 
14. Rb3 Qe7 15. Rxb7 Rc8 16. O-O Qd8 17. Qe3 Rc4 18. Rfb1 Be7 19. f5 Bg5 
20. Qd3 O-O 21. Ne4 Bc8 22. Bb6 Be3+ 23. Qxe3 Qh4 24. Nf6+ gxf6 25. Rc7 exf5 
26. Rxc4 dxc4 27. exf6 Kh8 28. Bc7 Rg8 29. Bg3 Qg4 30. Qf4 c3 31. a3 Be6 
32. Re1 Rd8 33. Qe3 Bd5 34. Qe8+ Rxe8 35. Rxe8+ Qg8 36. Rxg8+ Kxg8 37. Be5 Be4 
38. Bxc3 Bxc2 39. Kf2 h6 40. g3 Be4 41. Ke3 Kh7 42. Bd4 Kg6 43. Kf4 a5 
44. Ke5 a4 45. h3 Kg5 46. Be3+ Kg6 47. Bf4 Bd3 48. Be3 Be4 49. Bf4 Bd3 
50. Bd2 Bc2 51. Bc3 Bd3 52. Bd2 Bc2 53. Bc3 Bd3 54. Bd4 Kg5 55. Be3+ Kg6 
56. h4 Bc4 57. Bd4 Bd3 58. Bb2 Be4 59. Kf4 Bd5 60. Ke5 Be4 61. Bc1 Bd3 
62. Bb2 Bc2 63. Bc1 Kh5 64. Kd6 Kg4 65. Ke7 Bb3 66. Bf4 h5 67. Kd6 Bc2 
68. Ke7 Bb3 69. Bd6 Bd5 70. Be5 Be6 71. Bf4 Bd5 72. Be5 Bb3 73. Bd6 Bd5 
74. Bf4 Bb3 1/2-1/2

[Event "Friday Night Double Round Robin 3m+1s Starts at 2200hrs ST NO LATE JOINS POSS"]
[Site "Infinity Chess"]
[Date "2018.1.20"]
[Round "13"]
[White "ocirema"]
[Black "OlivierEvan"]
[Result "1/2-1/2"]
[ECO "B30"]
[WhiteElo "2474"]
[BlackElo "2402"]
[WhiteEngine "stockfish_18011309_x64_modern_CTG"]
[BlackEngine "Houdini 6"]
[EventType "Round Robin"]
[WhiteTeam ""]
[BlackTeam ""]
[PlyCount "132"]
[TimeControl "180+1"]

1. e4 c5 2. Nf3 Nc6 3. Nc3 g6 4. Bb5 Nd4 5. Nxd4 cxd4 6. Ne2 Nf6 7. e5 Qb6 
8. exf6 Qxb5 9. d3 e6 10. Nxd4 Qe5+ 11. Be3 Qxf6 12. O-O a6 13. Nb3 d6 
14. f4 Qd8 15. Bd4 f6 16. Qe1 Bg7 17. Qb4 Qd7 18. Bb6 O-O 19. Rae1 Re8 
20. d4 Bf8 21. c4 f5 22. Na5 e5 23. d5 e4 24. Rc1 Bg7 25. g3 Bf6 26. Rc2 h6 
27. Rfc1 g5 28. Be3 Kh7 29. c5 Qb5 30. Qe1 gxf4 31. Bxf4 Bd7 32. c6 bxc6 
33. dxc6 Be6 34. Nb7 Bd4+ 35. Kg2 e3 36. Kh3 Qd5 37. Qd1 Be5 38. Qxd5 Bxd5 
39. Nxd6 Bxd6 40. Bxd6 e2 41. Re1 Re6 42. c7 Rxd6 43. c8=R Rxc8 44. Rxc8 Bf3 
45. Re8 Kg6 46. Re3 Rd1 47. R1xe2 Bxe2 48. Rxe2 a5 49. Re6+ Kg5 50. Ra6 Rd2 
51. Rxa5 Rxb2 52. g4 Kg6 53. gxf5+ Kg5 54. Kg3 h5 55. h3 Rd2 56. f6+ Kxf6 
57. a3 Rd3+ 58. Kh4 Ke6 59. Ra7 Kd6 60. a4 Kc6 61. a5 Ra3 62. a6 Kb6 
63. Rb7+ Kxa6 64. Rb1 Ra5 65. Kg3 Ra3+ 66. Kf2 h4 1/2-1/2

[Event "Friday Night Double Round Robin 3m+1s Starts at 2200hrs ST NO LATE JOINS POSS"]
[Site "Infinity Chess"]
[Date "2018.1.19"]
[Round "12"]
[White "RonWeasley"]
[Black "ocirema"]
[Result "1/2-1/2"]
[ECO "B95"]
[WhiteElo "2500"]
[BlackElo "2473"]
[WhiteEngine "BrainFish 130117_CTG"]
[BlackEngine "stockfish_18011309_x64_modern_CTG"]
[EventType "Round Robin"]
[WhiteTeam ""]
[BlackTeam ""]
[PlyCount "51"]
[TimeControl "180+1"]

1. e4 c5 2. Nf3 d6 3. d4 cxd4 4. Nxd4 Nf6 5. Nc3 a6 6. Bg5 e6 7. Qf3 Nbd7 
8. O-O-O Qc7 9. Bd3 b5 10. Rhe1 Be7 11. Qg3 h6 12. Bd2 b4 13. Nce2 Rb8 
14. Nf4 Nc5 15. Qxg7 Rg8 16. Qxh6 Ng4 17. Qh7 Nf6 18. Qh6 e5 19. Kb1 Nxd3 
20. Nxd3 exd4 21. Bf4 b3 22. cxb3 Ng4 23. Qh7 Nf6 24. Qh6 Ng4 25. Qh7 Nf6 
26. Qh6 1/2-1/2

[Event "Friday Night Double Round Robin 3m+1s Starts at 2200hrs ST NO LATE JOINS POSS"]
[Site "Infinity Chess"]
[Date "2018.1.19"]
[Round "12"]
[White "BraveDevil"]
[Black "Deep SKY"]
[Result "0-1"]
[ECO "D18"]
[WhiteElo "2473"]
[BlackElo "2492"]
[WhiteEngine "Cryptic AIL V1"]
[BlackEngine "BrainFish_180106_x64_CTG"]
[EventType "Round Robin"]
[WhiteTeam ""]
[BlackTeam ""]
[PlyCount "158"]
[TimeControl "180+1"]

1. d4 d5 2. c4 c6 3. Nf3 Nf6 4. Nc3 dxc4 5. a4 Bf5 6. e3 e6 7. Bxc4 Bb4 
8. O-O Nbd7 9. Nh4 O-O 10. f3 Bg6 11. Qb3 Qb6 12. Nxg6 hxg6 13. Rd1 e5 
14. Qc2 Rad8 15. a5 Bxa5 16. Kh1 c5 17. d5 Bxc3 18. bxc3 e4 19. Be2 c4 
20. Rd4 a6 21. f4 Nc5 22. Bxc4 Rd7 23. Rb1 Qa7 24. Ba2 Ne8 25. Bc4 b5 
26. Be2 Nd6 27. Ba3 Ncb7 28. Qd2 Re8 29. Bb4 Rc7 30. Rb2 Rb8 31. Kg1 a5 
32. Ba3 Rbc8 33. Bxd6 Nxd6 34. Bxb5 Rxc3 35. Bc6 Rxe3 36. Qxe3 Nf5 37. Rb7 Qxd4 
38. Qxd4 Nxd4 39. Re7 f5 40. Re5 a4 41. Bxa4 Ne2+ 42. Kf2 Nxf4 43. Bb5 Rc5 
44. g3 Nh3+ 45. Kg2 Rxb5 46. Kxh3 Kf7 47. Kg2 Rb2+ 48. Kg1 Rb7 49. Re6 g5 
50. g4 g6 51. Kf1 Re7 52. gxf5 gxf5 53. Rh6 Re5 54. d6 Rd5 55. h4 gxh4 
56. Kf2 Kg7 57. Re6 Rd3 58. Kg2 Rd2+ 59. Kh3 Kf7 60. Re7+ Kf6 61. Kxh4 Rxd6 
62. Rb7 Ke5 63. Rb2 f4 64. Rb5+ Kd4 65. Rb4+ Ke3 66. Rb3+ Rd3 67. Rb1 f3 
68. Ra1 Kf4 69. Kh5 f2 70. Rb1 e3 71. Ra1 e2 72. Ra4+ Ke3 73. Ra8 f1=Q 
74. Re8+ Kd2 75. Re5 e1=Q 76. Rxe1 Qf5+ 77. Kh6 Rh3+ 78. Kg7 Rg3+ 79. Kh6 Qh3# 
0-1

[Event "Friday Night Double Round Robin 3m+1s Starts at 2200hrs ST NO LATE JOINS POSS"]
[Site "Infinity Chess"]
[Date "2018.1.19"]
[Round "12"]
[White "MGR"]
[Black "star99"]
[Result "1-0"]
[ECO "B90"]
[WhiteElo "2519"]
[BlackElo "2476"]
[WhiteEngine "asmFishW_2017-11-19_bmi2"]
[BlackEngine "Cryptic AIL V1"]
[EventType "Round Robin"]
[WhiteTeam ""]
[BlackTeam ""]
[PlyCount "157"]
[TimeControl "180+1"]

1. e4 c5 2. Nf3 d6 3. d4 cxd4 4. Nxd4 Nf6 5. Nc3 a6 6. Be3 e5 7. Nb3 Be7 
8. Be2 Be6 9. Qd3 Nc6 10. O-O O-O 11. a3 Rc8 12. Rfe1 Nd7 13. Rad1 Na5 
14. Nxa5 Qxa5 15. Rc1 Qd8 16. Nd5 Nc5 17. Bxc5 dxc5 18. Rcd1 Bxd5 19. Qxd5 Qb6 
20. b3 c4 21. b4 Qc7 22. Qd7 b5 23. g3 g6 24. Bg4 h5 25. Bh3 Kg7 26. Rd5 Rfd8 
27. Qxc7 Rxc7 28. Red1 Rxd5 29. Rxd5 Kf6 30. Rd7 Rxd7 31. Bxd7 Bf8 32. Kf1 Ke7 
33. Bc8 Kd6 34. Bxa6 Kc6 35. c3 Bh6 36. Ke1 Kb6 37. Bc8 Kc7 38. Bh3 Kd8 
39. Kd1 Bg5 40. Bf1 Kd7 41. a4 bxa4 42. Bxc4 Ke7 43. Kc2 f5 44. Bd3 a3 
45. exf5 gxf5 46. Bxf5 Bd2 47. Kb3 a2 48. Kxa2 Bxc3 49. Kb3 Be1 50. f3 h4 
51. g4 e4 52. Bxe4 h3 53. Bd3 Bg3 54. Bf1 Bf4 55. Bxh3 Kd7 56. Bg2 Bxh2 
57. f4 Bxf4 58. Kc4 Ke6 59. Kd4 Ke7 60. b5 Kd6 61. Ke4 Bc1 62. Kf5 Be3 
63. g5 Ke7 64. g6 Bd4 65. Bd5 Kd6 66. b6 Bc3 67. b7 Kc7 68. Ke6 Bd4 69. Kf7 Ba1 
70. g7 Bxg7 71. Kxg7 Kd6 72. b8=Q+ Kxd5 73. Qb4 Ke5 74. Kg6 Kd5 75. Kf6 Kc6 
76. Ke6 Kc7 77. Qb5 Kc8 78. Kd6 Kd8 79. Qd7# 1-0

[Event "Friday Night Double Round Robin 3m+1s Starts at 2200hrs ST NO LATE JOINS POSS"]
[Site "Infinity Chess"]
[Date "2018.1.19"]
[Round "12"]
[White "Victorious"]
[Black "KULLANI"]
[Result "1/2-1/2"]
[ECO "A06"]
[WhiteElo "2534"]
[BlackElo "2476"]
[WhiteEngine "BugChess2.41_Release"]
[BlackEngine "BrainFish_180113_x64_CTG"]
[EventType "Round Robin"]
[WhiteTeam ""]
[BlackTeam ""]
[PlyCount "84"]
[TimeControl "180+1"]

1. Nf3 d5 2. d4 Nf6 3. e3 e6 4. Bd3 c5 5. b3 Nc6 6. Bb2 b6 7. O-O cxd4 
8. Bb5 Bd7 9. exd4 Qc7 10. Re1 Bd6 11. a3 O-O 12. Bd3 Rad8 13. Nbd2 Bc8 
14. Ne5 Bb7 15. Qe2 Rc8 16. Qe3 Ne7 17. Rac1 Qd8 18. Qf3 Rc7 19. c3 Ng6 
20. Qe3 Ne7 21. a4 Nf5 22. Qe2 Rc8 23. g3 Be7 24. Bxf5 exf5 25. Ng6 hxg6 
26. Qxe7 Qc7 27. Qxc7 Rxc7 28. f3 g5 29. c4 Rfc8 30. Ba3 a5 31. Re7 dxc4 
32. Rxc7 Rxc7 33. bxc4 Bc6 34. Rb1 Nd7 35. Ra1 Rc8 36. Bb2 Bb7 37. h3 f6 
38. Kf2 Kf7 39. Ba3 Bc6 40. Bb2 Bb7 41. Ba3 Bc6 42. Bb2 Bb7 1/2-1/2

[Event "Friday Night Double Round Robin 3m+1s Starts at 2200hrs ST NO LATE JOINS POSS"]
[Site "Infinity Chess"]
[Date "2018.1.19"]
[Round "12"]
[White "Gilgamesch"]
[Black "Dovahkiin"]
[Result "1-0"]
[ECO "B90"]
[WhiteElo "2533"]
[BlackElo "2457"]
[WhiteEngine "BrainFish_171005_x64_bmi2"]
[BlackEngine "BrainFish_180113_x64_modern_CTG"]
[EventType "Round Robin"]
[WhiteTeam ""]
[BlackTeam ""]
[PlyCount "153"]
[TimeControl "180+1"]

1. e4 c5 2. Nf3 d6 3. d4 cxd4 4. Nxd4 Nf6 5. Nc3 a6 6. Be3 e5 7. Nb3 Be6 
8. Be2 Be7 9. O-O O-O 10. Nd5 Nxd5 11. exd5 Bf5 12. c4 Nd7 13. Qd2 Qc7 
14. Na5 Nf6 15. b4 h6 16. Rfd1 Rad8 17. h3 Ne4 18. Qb2 Rc8 19. Bd3 Bg6 
20. Rac1 b6 21. Bxe4 Bxe4 22. Nc6 Rfe8 23. f3 Bf5 24. Qf2 Bd8 25. a4 Bg6 
26. Nxd8 Qxd8 27. Bxb6 Qe7 28. c5 e4 29. c6 exf3 30. Qxf3 Be4 31. Qf2 Qe5 
32. Bd4 Qxd5 33. Bxg7 Qe6 34. Bf6 Kh7 35. Re1 Rg8 36. c7 Qd5 37. g4 Rge8 
38. Kh2 h5 39. Rc3 Re6 40. Rg1 Bg6 41. gxh5 Qxh5 42. Rg4 Kg8 43. b5 axb5 
44. axb5 Qxb5 45. Qh4 Rxf6 46. Qxf6 Qe5+ 47. Qxe5 dxe5 48. Rg5 Kf8 49. Rxe5 Bb1 
50. Rd5 Ke7 51. Rd8 Rxc7 52. Rxc7+ Kxd8 53. Rxf7 Ke8 54. Rf3 Bc2 55. Re3+ Kf7 
56. Rg3 Bd1 57. Rg5 Ba4 58. h4 Bd7 59. h5 Kf6 60. h6 Kxg5 61. h7 Kf5 
62. h8=Q Ke4 63. Qh7+ Bf5 64. Qe7+ Kf3 65. Qf6 Kf4 66. Kg2 Kg4 67. Qd4+ Kg5 
68. Kg3 Bb1 69. Qe5+ Bf5 70. Qe7+ Kg6 71. Kf4 Bb1 72. Qe6+ Kg7 73. Kg5 Ba2 
74. Qf6+ Kh7 75. Qh6+ Kg8 76. Kf6 Bb1 77. Qg7# 1-0

[Event "Friday Night Double Round Robin 3m+1s Starts at 2200hrs ST NO LATE JOINS POSS"]
[Site "Infinity Chess"]
[Date "2018.1.19"]
[Round "12"]
[White "xeonrocks"]
[Black "tris77"]
[Result "1/2-1/2"]
[ECO "B90"]
[WhiteElo "2546"]
[BlackElo "2423"]
[WhiteEngine "asmFishW_CTG"]
[BlackEngine "Raubfisch X37b_CTG"]
[EventType "Round Robin"]
[WhiteTeam ""]
[BlackTeam ""]
[PlyCount "215"]
[TimeControl "180+1"]

1. e4 c5 2. Nf3 d6 3. d4 cxd4 4. Nxd4 Nf6 5. Nc3 a6 6. Be3 e5 7. Nf3 Be7 
8. Bc4 O-O 9. O-O Be6 10. Bxe6 fxe6 11. Na4 Ng4 12. Qd3 b5 13. Nb6 Ra7 
14. Nd5 Nxe3 15. Qxe3 Rb7 16. Nxe7+ Qxe7 17. Rad1 Nd7 18. Rd2 Rc8 19. Rfd1 Rc6 
20. c3 h6 21. g3 Nf6 22. Ne1 a5 23. Nd3 Rc4 24. f3 Qc7 25. Nf2 Rc6 26. Nd3 Rb8 
27. Re2 Re8 28. Kg2 Rb8 29. Rf1 Rc8 30. Qd2 Rb8 31. Rfe1 Qb6 32. Rf1 Qc7 
33. Rfe1 Rc4 34. Qd1 Rb7 35. Rd2 Rb8 36. Ree2 Nd7 37. Nf2 Rc6 38. Nd3 Rc4 
39. Re1 Nf6 40. h3 Nd7 41. h4 Nf6 42. Nf2 Rc6 43. Nd3 Rc4 44. Nf2 Rc6 
45. Qe2 Nd7 46. Nd3 Nf6 47. Rf1 Rbb6 48. Kh2 Rc4 49. Re1 Rb8 50. Red1 Rc6 
51. Rg1 Rc4 52. Rgd1 Rc6 53. Rf1 Rc8 54. Ra1 Rf8 55. Rc1 Rc8 56. Kg2 Kh7 
57. Ra1 Rb8 58. Rc2 Rc8 59. Rac1 Qb6 60. Rd1 Qc7 61. Rcd2 Rb8 62. Kh3 Kg8 
63. Rf1 Kh7 64. Kg2 Kg8 65. Rc1 Rc8 66. Rcd1 Rb8 67. Rc1 Rc8 68. Re1 Rb8 
69. Rf1 Kh7 70. Rc1 Qb6 71. Kh2 Rbc8 72. Rcd1 Ra8 73. Kh3 Kg8 74. Ne1 b4 
75. c4 b3 76. axb3 Nd7 77. Nc2 Nc5 78. Qe3 Rb8 79. b4 axb4 80. f4 b3 81. Na3 Na4 
82. Qxb6 Rcxb6 83. Nb5 exf4 84. Nxd6 f3 85. e5 Rf8 86. Rf2 Nc5 87. Rd4 Nd7 
88. Re4 Rc6 89. Re3 h5 90. g4 hxg4+ 91. Kxg4 Nxe5+ 92. Rxe5 Rxd6 93. Re4 Rd1 
94. Rxf3 Rxf3 95. Kxf3 Kf7 96. Re3 Rc1 97. Rxb3 Rxc4 98. h5 Rh4 99. Rb5 Kf6 
100. b3 e5 101. b4 Rxh5 102. Rb7 Kf5 103. b5 Rh3+ 104. Kg2 Rd3 105. Rxg7 Rb3 
106. Rb7 Ke4 107. b6 Kd4 108. Rd7+ 1/2-1/2

[Event "Friday Night Double Round Robin 3m+1s Starts at 2200hrs ST NO LATE JOINS POSS"]
[Site "Infinity Chess"]
[Date "2018.1.19"]
[Round "12"]
[White "OlivierEvan"]
[Black "PAKtech"]
[Result "0-1"]
[ECO "C37"]
[WhiteElo "2417"]
[BlackElo "2431"]
[WhiteEngine "Houdini 6"]
[BlackEngine "Raubfisch ME262_GTZ16b3._CTG"]
[EventType "Round Robin"]
[WhiteTeam ""]
[BlackTeam ""]
[PlyCount "168"]
[TimeControl "180+1"]

1. e4 e5 2. f4 exf4 3. Nf3 g5 4. Nc3 Nc6 5. h3 h6 6. d4 d6 7. d5 Ne5 8. g3 Qf6 
9. gxf4 gxf4 10. Bd2 a6 11. Qe2 Ne7 12. O-O-O N7g6 13. Qf2 Nxf3 14. Qxf3 h5 
15. Kb1 Bh6 16. Ne2 Bd7 17. Ba5 Ne5 18. Qb3 f3 19. Nd4 b6 20. Bc3 Rg8 
21. Nf5 Bxf5 22. exf5 Qxf5 23. Bxe5 Qxe5 24. Qxf3 Rg3 25. Qf2 Be3 26. Qe2 b5 
27. a3 Rb8 28. Rd3 h4 29. Qd1 Kf8 30. Be2 b4 31. Rb3 a5 32. a4 Re8 33. Ka2 Bd4 
34. Bf3 Kg7 35. Rf1 Re7 36. Bh1 Kf8 37. Qd2 Qg7 38. Rd1 Be3 39. Qd3 Qg6 
40. Qc4 Rxh3 41. Rf1 Qh5 42. Qa6 Rg3 43. Re1 Bg5 44. Rxe7 Bxe7 45. Qxa5 c5 
46. Qa6 Rg1 47. Be4 Qd1 48. Rf3 Kg7 49. Rf5 h3 50. Qd3 Qe1 51. Kb3 Bf6 
52. Rf3 h2 53. Rh3 Rg4 54. Rxh2 Rxe4 55. Ka2 c4 56. Rg2+ Kf8 57. Qg3 b3+ 
58. cxb3 cxb3+ 59. Qxb3 Rb4 60. Qc2 Rxb2+ 61. Qxb2 Bxb2 62. Rxb2 Qd1 
63. Rb8+ Ke7 64. Rb7+ Kd8 65. Rb8+ Kc7 66. Rg8 Qxa4+ 67. Kb2 Qd4+ 68. Kb1 Qxd5 
69. Kc2 f5 70. Rg7+ Kd8 71. Rh7 Qg8 72. Rh5 Qg2+ 73. Kc1 Qf1+ 74. Kd2 Qf2+ 
75. Kc1 Qe1+ 76. Kb2 Qe2+ 77. Ka1 Qxh5 78. Kb2 f4 79. Kc2 Qc5+ 80. Kd3 f3 
81. Ke4 f2 82. Kf3 f1=Q+ 83. Kg4 Qff5+ 84. Kh4 Qcf2# 0-1